General information
- name: BNet
- type: Ladder team game (AT/RT)
- host: Battle.net
- saver: TheCryptLord
map: DragonFalls
- players: 8
- length: 33:44
- speed: Fast
- version: 1.26 W3XP
- replay type: Public
» download(206 KB)
Players
team 1 (loser)

»
Mina_TheOne (
purple | 38 APM | 1222 actions | 32:34)
4 Archmage
1 Summon Water Elemental
2 Blizzard
1 Brilliance Aura
2 Paladin
1 Devotion Aura
1 Divine Shield
» actions
| Assign group hotkey | 17 | |
| Basic commands | 120 | |
| Build / train | 62 | |
| ESC pressed | 3 | |
| Enter build submenu | 27 | |
| Enter hero's abilities submenu | 7 | |
| Remove unit from queue | 1 | |
| Right click | 355 | |
| Select / deselect | 508 | |
| Select group hotkey | 25 | |
| Use ability | 97 | |
1222 total
» units
| Peasant | 8 | |
| Footman | 8 | |
| Gryphon Rider | 9 | |
| Goblin Shredder | 1 | |
| Priest | 4 | |
| Rifleman | 3 | |
| Thunder Lizard | 1 | |
| Furbolg Shaman | 1 | |
35 total
» upgrades
| Masonry | 3 | |
| Lumber Harvesting | 2 | |
| Swords | 2 | |
| Armor | 1 | |
| Animal War Training | 1 | |
| Storm Hammers | 1 | |
| Cloud | 1 | |
| Magic Sentry | 1 | |
| Priest Training | 1 | |
13 total
» buildings
| Altar of Kings | 1 | |
| Farm | 11 | |
| Barracks | 1 | |
| Lumber Mill | 1 | |
| Scout Tower | 2 | |
| Arcane Tower | 1 | |
| Guard Tower | 1 | |
| Keep | 1 | |
| Blacksmith | 1 | |
| Arcane Vault | 1 | |
| Castle | 1 | |
| Gryphon Aviary | 2 | |
| Arcane Sanctum | 1 | |
| Town Hall | 2 | |
27 total
» build order
00:14 Altar of Kings
00:32 Farm
00:53 Farm
01:00 Barracks
02:19 Lumber Mill
02:25 Farm
02:31 Scout Tower
02:34 Scout Tower
03:02 Arcane Tower
03:04 Guard Tower
04:43 Keep
05:12 Blacksmith
05:24 Farm
05:56 Arcane Vault
06:59 Farm
07:07 Castle
07:52 Farm
08:14 Gryphon Aviary
08:57 Gryphon Aviary
10:16 Farm
11:28 Farm
12:57 Farm
13:55 Farm
14:31 Farm
15:11 Arcane Sanctum
16:12 Town Hall
18:51 Town Hall
» items
ScumDog (
red | 51 APM | 1729 actions | 33:42)
8 Blademaster
3 Wind Walk
3 Critical Strike
1 Bladestorm
1 Mirror Image
» actions
| Assign group hotkey | 106 | |
| Basic commands | 48 | |
| Build / train | 90 | |
| Enter build submenu | 52 | |
| Enter hero's abilities submenu | 8 | |
| Give item / drop item | 9 | |
| Remove unit from queue | 1 | |
| Right click | 681 | |
| Select / deselect | 400 | |
| Select group hotkey | 166 | |
| Use ability | 168 | |
1729 total
» units
| Peon | 8 | |
| Grunt | 6 | |
| Goblin Shredder | 1 | |
| Goblin Zeppelin | 7 | |
| Green Dragon | 3 | |
| Green Drake | 1 | |
| Goblin Sapper | 12 | |
38 total
» upgrades
| Ranged Weapons | 3 | |
| Armor | 3 | |
| Reinforced Defenses | 1 | |
| Envenomed Spears | 1 | |
| Ensnare | 1 | |
| Pillage | 1 | |
| Spiked Barricades | 3 | |
13 total
» buildings
| Orc Burrow | 7 | |
| Altar of Storms | 1 | |
| Barracks | 1 | |
| Voodoo Lounge | 4 | |
| Stronghold | 1 | |
| Great Hall | 3 | |
| War Mill | 3 | |
| Fortress | 1 | |
| Beastiary | 6 | |
| Watch Tower | 33 | |
60 total
» build order
00:09 Orc Burrow
00:51 Altar of Storms
00:52 Barracks
00:57 Orc Burrow
02:03 Voodoo Lounge
02:05 Voodoo Lounge
02:50 Stronghold
04:35 Great Hall
04:38 Great Hall
04:54 War Mill
04:57 Orc Burrow
06:46 Fortress
07:34 Beastiary
07:36 Beastiary
07:40 Beastiary
07:51 Beastiary
08:31 Voodoo Lounge
08:47 War Mill
13:18 Watch Tower
13:19 Watch Tower
13:20 Watch Tower
13:23 Watch Tower
13:25 Watch Tower
13:26 Watch Tower
13:27 Watch Tower
13:28 Watch Tower
15:38 Watch Tower
15:38 Watch Tower
15:39 Watch Tower
15:41 Watch Tower
15:42 Watch Tower
15:42 Watch Tower
19:44 Watch Tower
19:45 Watch Tower
19:45 Watch Tower
19:45 Watch Tower
19:48 Watch Tower
19:49 Watch Tower
19:49 Watch Tower
19:50 Watch Tower
19:50 Watch Tower
23:08 Great Hall
23:13 Watch Tower
23:13 Watch Tower
23:14 Watch Tower
23:14 Watch Tower
23:15 Watch Tower
23:21 War Mill
24:01 Watch Tower
24:03 Watch Tower
24:05 Watch Tower
24:07 Watch Tower
24:10 Watch Tower
24:15 Voodoo Lounge
24:58 Orc Burrow
25:05 Orc Burrow
25:10 Orc Burrow
25:25 Orc Burrow
31:27 Beastiary
31:28 Beastiary
» items
| Healing Salve | 6 | |
| Dust of Appearance | 2 | |
| Potion of Healing | 6 | |
| Scroll of Town Portal | 4 | |
| Orb of Lightning | 1 | |
| Potion of Mana | 3 | |
| Lesser Clarity Potion | 3 | |
| Staff of Teleportation | 1 | |
| Periapt of Vitality | 1 | |
27 total

»
leafygreens (
blue | 32 APM | 1034 actions | 32:07)
5 Lich
3 Frost Nova
2 Dark Ritual
5 Naga Sea Witch
3 Forked Lightning
2 Frost Arrows
» actions
| Assign group hotkey | 15 | |
| Basic commands | 84 | |
| Build / train | 51 | |
| ESC pressed | 2 | |
| Enter build submenu | 30 | |
| Enter hero's abilities submenu | 10 | |
| Remove unit from queue | 2 | |
| Right click | 389 | |
| Select / deselect | 266 | |
| Select group hotkey | 129 | |
| Use ability | 56 | |
1034 total
» units
| Acolyte | 5 | |
| Ghoul | 4 | |
| Crypt Fiend | 11 | |
20 total
» upgrades
| Creature Attack | 3 | |
| Creature Carapace | 3 | |
| Web | 1 | |
7 total
» buildings
| Altar of Darkness | 1 | |
| Crypt | 1 | |
| Ziggurat | 13 | |
| Graveyard | 1 | |
| Tomb of Relics | 1 | |
| Halls of the Dead | 1 | |
| Black Citadel | 1 | |
| Spirit Tower | 3 | |
| Sacrificial Pit | 1 | |
| Boneyard | 2 | |
25 total
» build order
00:08 Altar of Darkness
00:12 Crypt
00:25 Ziggurat
01:11 Graveyard
01:45 Ziggurat
02:13 Tomb of Relics
02:42 Ziggurat
06:29 Ziggurat
07:51 Halls of the Dead
08:22 Ziggurat
10:27 Ziggurat
11:04 Ziggurat
11:07 Ziggurat
11:08 Ziggurat
12:59 Black Citadel
13:03 Spirit Tower
13:32 Spirit Tower
14:08 Spirit Tower
14:17 Sacrificial Pit
15:56 Boneyard
15:58 Boneyard
21:30 Ziggurat
21:32 Ziggurat
21:34 Ziggurat
23:09 Ziggurat
» items
| Scroll of Town Portal | 2 | |
| Orb of Corruption | 1 | |
| Orb of Fire | 1 | |
4 total
Dharry13 (
orange | 38 APM | 1268 actions | 33:28)
7 Archmage
3 Summon Water Elemental
3 Brilliance Aura
1 Mass Teleport
» actions
| Basic commands | 100 | |
| Build / train | 91 | |
| Enter build submenu | 56 | |
| Enter hero's abilities submenu | 7 | |
| Remove unit from queue | 2 | |
| Right click | 399 | |
| Select / deselect | 526 | |
| Use ability | 87 | |
1268 total
» units
| Peasant | 20 | |
| Footman | 9 | |
| Knight | 22 | |
51 total
» upgrades
| Lumber Harvesting | 2 | |
| Plating | 3 | |
| Swords | 3 | |
| Masonry | 3 | |
| Animal War Training | 1 | |
12 total
» buildings
| Barracks | 3 | |
| Altar of Kings | 1 | |
| Farm | 13 | |
| Town Hall | 2 | |
| Keep | 1 | |
| Blacksmith | 1 | |
| Lumber Mill | 2 | |
| Castle | 1 | |
| Scout Tower | 29 | |
| Guard Tower | 16 | |
| Arcane Vault | 1 | |
70 total
» build order
00:10 Barracks
00:15 Altar of Kings
00:50 Farm
01:15 Farm
01:31 Farm
01:53 Farm
04:17 Town Hall
04:36 Keep
05:00 Blacksmith
05:03 Lumber Mill
06:02 Barracks
07:44 Castle
07:52 Barracks
08:27 Farm
09:01 Scout Tower
09:29 Farm
09:35 Scout Tower
10:11 Farm
10:52 Scout Tower
11:48 Farm
12:30 Farm
12:57 Scout Tower
12:59 Guard Tower
13:15 Farm
14:04 Farm
14:08 Guard Tower
14:27 Farm
14:48 Farm
16:28 Guard Tower
16:33 Scout Tower
17:03 Scout Tower
17:04 Scout Tower
17:19 Guard Tower
17:21 Scout Tower
17:40 Scout Tower
17:42 Scout Tower
17:51 Scout Tower
17:53 Guard Tower
18:22 Scout Tower
18:24 Scout Tower
18:26 Guard Tower
18:51 Guard Tower
18:52 Guard Tower
19:40 Scout Tower
19:48 Lumber Mill
22:05 Scout Tower
22:38 Scout Tower
22:49 Guard Tower
23:23 Town Hall
23:28 Scout Tower
23:35 Scout Tower
23:38 Scout Tower
24:06 Scout Tower
24:08 Scout Tower
24:10 Guard Tower
24:13 Scout Tower
25:20 Arcane Vault
25:33 Guard Tower
25:34 Scout Tower
25:37 Scout Tower
26:08 Scout Tower
26:23 Scout Tower
26:25 Guard Tower
26:54 Guard Tower
26:57 Scout Tower
27:04 Guard Tower
28:38 Scout Tower
28:40 Guard Tower
30:48 Guard Tower
30:56 Scout Tower
team 2 (winner)
TheCryptLord (
pink | 93 APM | 3143 actions | 33:44)
10 Crypt Lord
3 Carrion Beetles
3 Spiked Carapace
1 Locust Swarm
3 Impale
» actions
| Assign group hotkey | 61 | |
| Basic commands | 161 | |
| Build / train | 121 | |
| Enter build submenu | 36 | |
| Enter hero's abilities submenu | 10 | |
| Give item / drop item | 6 | |
| Remove unit from queue | 1 | |
| Right click | 976 | |
| Select / deselect | 554 | |
| Select group hotkey | 781 | |
| Use ability | 436 | |
3143 total
» units
| Acolyte | 8 | |
| Ghoul | 3 | |
| Crypt Fiend | 6 | |
| Goblin Shredder | 3 | |
| Necromancer | 7 | |
| Meatwagon | 6 | |
| Abomination | 6 | |
39 total
» upgrades
| Creature Attack | 2 | |
| Burrow | 1 | |
| Creature Carapace | 1 | |
| Web | 1 | |
| Ghoul Frenzy | 1 | |
| Unholy Strength | 3 | |
| Unholy Armor | 3 | |
| Exhume Corpses | 1 | |
| Necromancer Training | 2 | |
| Disease Cloud | 1 | |
| Skeletal Longevity | 1 | |
17 total
» buildings
| Graveyard | 1 | |
| Crypt | 2 | |
| Altar of Darkness | 1 | |
| Ziggurat | 21 | |
| Tomb of Relics | 1 | |
| Halls of the Dead | 1 | |
| Necropolis | 2 | |
| Black Citadel | 3 | |
| Nerubian Tower | 5 | |
| Slaughterhouse | 2 | |
| Temple of the Damned | 2 | |
| Spirit Tower | 30 | |
71 total
» build order
00:21 Graveyard
00:24 Crypt
00:40 Altar of Darkness
00:56 Ziggurat
01:15 Tomb of Relics
02:00 Ziggurat
03:33 Ziggurat
04:28 Halls of the Dead
05:47 Necropolis
08:08 Ziggurat
08:15 Black Citadel
08:15 Black Citadel
08:15 Black Citadel
08:45 Nerubian Tower
08:45 Nerubian Tower
10:09 Nerubian Tower
10:09 Nerubian Tower
10:11 Ziggurat
10:44 Slaughterhouse
10:47 Temple of the Damned
12:03 Spirit Tower
12:03 Spirit Tower
12:08 Ziggurat
14:19 Spirit Tower
14:26 Spirit Tower
14:32 Ziggurat
19:07 Spirit Tower
19:08 Spirit Tower
19:11 Ziggurat
19:14 Ziggurat
21:24 Crypt
21:26 Temple of the Damned
21:29 Slaughterhouse
22:10 Spirit Tower
22:11 Spirit Tower
22:11 Spirit Tower
22:13 Ziggurat
22:15 Ziggurat
22:18 Ziggurat
22:21 Ziggurat
22:23 Ziggurat
22:26 Ziggurat
23:14 Necropolis
23:24 Spirit Tower
23:24 Spirit Tower
23:24 Spirit Tower
23:25 Spirit Tower
23:25 Spirit Tower
25:23 Ziggurat
25:23 Ziggurat
25:24 Ziggurat
25:25 Ziggurat
25:26 Ziggurat
25:28 Ziggurat
26:27 Spirit Tower
26:27 Spirit Tower
26:27 Spirit Tower
26:31 Spirit Tower
26:31 Spirit Tower
26:34 Spirit Tower
26:34 Spirit Tower
26:34 Spirit Tower
» items
| Rod of Necromancy | 1 | |
| Boots of Speed | 1 | |
| Periapt of Vitality | 1 | |
| Scroll of Town Portal | 2 | |
| Orb of Corruption | 1 | |
| Scroll of Regeneration | 1 | |
7 total
FILLMYBOTTLE (
green | 72 APM | 2429 actions | 33:42)
9 Mountain King
3 Storm Bolt
3 Bash
1 Avatar
2 Thunder Clap
» actions
| Assign group hotkey | 54 | |
| Basic commands | 2 | |
| Build / train | 153 | |
| Enter build submenu | 39 | |
| Enter hero's abilities submenu | 10 | |
| Remove unit from queue | 3 | |
| Right click | 960 | |
| Select / deselect | 330 | |
| Select group hotkey | 695 | |
| Use ability | 183 | |
2429 total
» units
| Peasant | 27 | |
| Goblin Shredder | 1 | |
| Gryphon Rider | 8 | |
| Dragonhawk Rider | 12 | |
| Satyr Shadowdancer | 3 | |
| Furbolg Shaman | 1 | |
| Thunder Lizard | 3 | |
55 total
» upgrades
| Masonry | 6 | |
| Swords | 4 | |
| Armor | 4 | |
| Lumber Harvesting | 2 | |
| Storm Hammers | 2 | |
| Animal War Training | 2 | |
| Cloud | 1 | |
21 total
» buildings
| Altar of Kings | 3 | |
| Farm | 18 | |
| Lumber Mill | 1 | |
| Scout Tower | 44 | |
| Arcane Tower | 2 | |
| Guard Tower | 35 | |
| Keep | 4 | |
| Blacksmith | 2 | |
| Arcane Vault | 3 | |
| Castle | 2 | |
| Gryphon Aviary | 7 | |
| Town Hall | 2 | |
| Barracks | 2 | |
125 total
» build order
00:12 Altar of Kings
00:23 Farm
00:36 Lumber Mill
00:54 Farm
01:10 Scout Tower
01:19 Farm
01:42 Arcane Tower
01:58 Altar of Kings
02:03 Farm
02:12 Scout Tower
02:13 Scout Tower
02:14 Scout Tower
02:43 Guard Tower
03:29 Keep
03:29 Keep
03:33 Scout Tower
03:34 Scout Tower
03:34 Scout Tower
03:35 Scout Tower
03:35 Scout Tower
03:39 Blacksmith
03:43 Scout Tower
03:44 Scout Tower
03:44 Scout Tower
03:47 Scout Tower
03:47 Scout Tower
03:48 Scout Tower
03:52 Keep
03:59 Arcane Vault
04:14 Guard Tower
04:22 Farm
04:33 Guard Tower
04:33 Guard Tower
04:48 Guard Tower
04:48 Guard Tower
04:52 Guard Tower
05:01 Guard Tower
05:01 Guard Tower
05:11 Scout Tower
05:11 Scout Tower
05:12 Scout Tower
05:14 Scout Tower
05:14 Scout Tower
05:15 Scout Tower
05:41 Farm
05:42 Farm
05:43 Farm
05:43 Farm
05:44 Farm
05:44 Farm
05:44 Farm
05:53 Blacksmith
06:41 Farm
06:42 Guard Tower
06:42 Guard Tower
07:44 Castle
07:48 Gryphon Aviary
07:56 Town Hall
07:59 Scout Tower
07:59 Scout Tower
08:13 Scout Tower
08:13 Scout Tower
08:29 Guard Tower
08:32 Scout Tower
08:33 Scout Tower
08:33 Scout Tower
08:35 Scout Tower
08:50 Castle
08:53 Guard Tower
09:05 Altar of Kings
09:07 Gryphon Aviary
09:12 Gryphon Aviary
09:28 Guard Tower
09:31 Guard Tower
09:32 Guard Tower
09:35 Guard Tower
09:35 Guard Tower
09:57 Guard Tower
10:00 Arcane Vault
10:08 Scout Tower
10:08 Scout Tower
10:09 Scout Tower
10:21 Barracks
10:45 Guard Tower
10:45 Guard Tower
11:03 Guard Tower
11:07 Guard Tower
11:11 Scout Tower
11:12 Scout Tower
11:12 Scout Tower
11:28 Gryphon Aviary
11:29 Gryphon Aviary
11:49 Guard Tower
11:49 Guard Tower
11:53 Farm
11:53 Farm
11:53 Farm
11:54 Farm
11:55 Farm
13:08 Guard Tower
13:16 Barracks
21:23 Gryphon Aviary
23:19 Town Hall
23:21 Scout Tower
23:22 Scout Tower
23:23 Scout Tower
23:23 Scout Tower
23:24 Scout Tower
23:24 Scout Tower
23:24 Scout Tower
23:25 Scout Tower
23:53 Guard Tower
23:53 Guard Tower
24:03 Guard Tower
24:04 Guard Tower
24:21 Guard Tower
26:02 Arcane Vault
» items
| Staff of Teleportation | 1 | |
| Ivory Tower | 4 | |
| Potion of Mana | 3 | |
| Potion of Healing | 3 | |
| Scroll of Regeneration | 3 | |
| Lesser Clarity Potion | 1 | |
| Scroll of Town Portal | 2 | |
17 total
knight (
yellow | 33 APM | 734 actions | 22:06)
2 Blademaster
1 Wind Walk
1 Critical Strike
3 Mountain King
1 Thunder Clap
2 Storm Bolt
1 Shadow Hunter
1 Healing Wave
» actions
| Assign group hotkey | 15 | |
| Basic commands | 1 | |
| Build / train | 49 | |
| Enter build submenu | 19 | |
| Enter hero's abilities submenu | 7 | |
| Give item / drop item | 3 | |
| Right click | 365 | |
| Select / deselect | 206 | |
| Select group hotkey | 35 | |
| Use ability | 34 | |
734 total
» units
| Peon | 11 | |
| Peasant | 2 | |
| Grunt | 5 | |
| Tauren | 8 | |
| Shaman | 2 | |
28 total
» upgrades
| Melee Weapons | 3 | |
| Shaman Training | 2 | |
5 total
» buildings
| Altar of Storms | 2 | |
| Orc Burrow | 8 | |
| Lumber Mill | 1 | |
| Barracks | 1 | |
| War Mill | 1 | |
| Stronghold | 1 | |
| Voodoo Lounge | 1 | |
| Spirit Lodge | 1 | |
| Fortress | 1 | |
| Tauren Totem | 1 | |
| Watch Tower | 2 | |
20 total
» build order
00:18 Altar of Storms
00:26 Altar of Storms
00:33 Orc Burrow
00:54 Lumber Mill
01:22 Barracks
02:44 Orc Burrow
02:54 War Mill
05:02 Stronghold
05:55 Voodoo Lounge
07:29 Spirit Lodge
07:30 Fortress
08:16 Orc Burrow
09:10 Orc Burrow
09:14 Orc Burrow
10:36 Tauren Totem
10:45 Orc Burrow
10:51 Orc Burrow
10:59 Orc Burrow
15:09 Watch Tower
15:12 Watch Tower
» items
| Potion of Healing | 1 | |
| Orb of Lightning | 1 | |
| Boots of Speed | 1 | |
| Circlet of Nobility | 1 | |
| Potion of Invisibility | 1 | |
5 total
ROFLWHAT (
teal | 0 APM | 0 actions | 00:01)
Chat log
(00:06 / Allies) knight: fuu
(00:06 / All) TheCryptLord: stay
(00:07 / All) TheCryptLord: stay
(00:12 / Allies) knight: ik
(00:20 / All) FILLMYBOTTLE: mina is hte hottest girl gamer ever
(00:37 / All) Mina_TheOne: but im not asian..
(03:13 / All) FILLMYBOTTLE: y
(03:39 / Allies) knight: bm harrassing
(04:00 / Allies) TheCryptLord: let me get expo here? you get mid left or bot mid
(04:05 / Allies) FILLMYBOTTLE: yes
(04:06 / Allies) TheCryptLord: since I'm ud
(04:20 / Allies) knight: ill get teals hero
(04:24 / Allies) TheCryptLord: forgot to buy rod of necromancy
(04:39 / Allies) knight: noone else control teals hero
(04:44 / Allies) FILLMYBOTTLE: done
(04:56 / Allies) FILLMYBOTTLE: teal is covered for towers
(05:10 / Allies) knight: oh btw lol
(05:12 / Allies) knight: units?
(05:17 / Allies) knight: i got lust taurens
(06:11 / All) FILLMYBOTTLE: how u doing mina
(06:18 / Allies) knight: lol
(06:19 / All) FILLMYBOTTLE: catch any sheep in nz
(06:36 / All) Mina_TheOne: what that mean
(07:07 / All) FILLMYBOTTLE: arent u from new zealand
(18:29 / All) knight: Go fuck youself scumdog
(20:05 / All) ScumDog: people don't think it be like it is, but it do
(21:06 / All) ScumDog: You're very impolite, knight!
(21:12 / All) knight: :)
(21:28 / All) ScumDog: Please leave my home
(21:30 / All) ScumDog: You aren't welcome
(21:36 / Allies) knight: im good
(21:56 / Allies) knight: lool gg
(22:01 / All) knight: GG xD
(23:29 / All) FILLMYBOTTLE: oops
(29:45 / All) FILLMYBOTTLE: DIS CHACK?
(29:49 / All) TheCryptLord: not every day you see a level 10 crypt lord
(30:05 / All) ScumDog: lol
(30:32 / All) ScumDog: SCUM DOG THE MASTER OF THE COSMIC CRIME SCENE
(30:42 / All) ScumDog: INTERGALACTIC CRIMINAL MASTERMIND!
(32:11 / All) TheCryptLord: Crypt lord and necrowagon is fun as hell
(32:26 / All) ScumDog: You ain't done crap orange, you're terrible! Garbage!
(32:54 / All) Dharry13: Red has over 10k gold
(32:56 / All) Dharry13: go lucky win
(33:04 / All) ScumDog: Cry about it you baby back bitch
(33:09 / All) TheCryptLord: No luck just skill
(33:14 / All) Dharry13: no luck
(33:23 / All) ScumDog: I had noob allies
(33:31 / All) ScumDog: LOL
(33:33 / All) TheCryptLord: I can tell
(33:34 / All) ScumDog: My team lose